Map: Proxima Station LE

Players

ShoWTimE

  • Race: Protoss Protoss
  • Spawn Location: 7:00

Kelazhur - Winner!

  • Race: Terran Terran
  • Spawn Location: 1:00

Event: WCS Jonkoping 2017

VOD

Have the link to the VOD?

Description

Time

  • Played on: June 17, 2017, 4:18 p.m.
  • Length: 16:53

All games in this series

Show
View Real Time Build Order
Export as new Build Order

ShoWTimE Protoss 

Build Orders: 1 Gate Expand, Phoenix Opening 

Get SALT Encoding   

  12  0:00  Probe (Chrono Boost)  
  13  0:11  Probe (Chrono Boost)  
  14  0:17  Pylon  
  14  0:22  Probe (Chrono Boost)  
  15  0:35  Probe (Chrono Boost)  
  16  0:37  Gateway  
  16  0:46  Probe (Chrono Boost)  
  16  0:47  Assimilator  
  17  0:56  Probe (Chrono Boost)  
  18  1:07  Probe (Chrono Boost)  
  19  1:21  Nexus  
  19  1:31  Cybernetics Core  
  19  1:35  Probe (Chrono Boost)  
  20  1:42  Assimilator  
  20  1:45  Probe (Chrono Boost)  
  21  1:51  Pylon  
  21  1:56  Probe (Chrono Boost)  
  22  2:09  Mothership Core (Chrono Boost), Adept (Chrono Boost)  
  22  2:15  Warp Gate  
  26  2:27  Probe  
  27  2:32  Probe  
  28  2:39  Probe  
  28  2:43  Probe  
  29  2:44  Pylon  
  29  2:46  Stargate  
  30  2:52  Probe  
  30  2:54  Probe, Pylon  
  32  3:02  Adept (Chrono Boost)  
  32  3:04  Probe x2  
  35  3:15  Probe  
  35  3:16  Probe  
  37  3:26  Gateway  
  37  3:28  Probe x2  
  37  3:31  Phoenix (Chrono Boost)  
  40  3:40  Probe  
  41  3:41  Probe, Robotics Facility  
  42  3:52  Probe x2  
  42  3:53  Phoenix (Chrono Boost)  
  46  3:57  Pylon  
  46  4:04  Probe  
  46  4:07  Probe  
  46  4:16  Probe  
  46  4:17  Probe  
  46  4:22  Pylon  
  47  4:26  Phoenix (Chrono Boost)  
  49  4:33  Probe x2  
  49  4:34  Observer (Chrono Boost)  
  50  4:44  Probe  
  49  4:45  Probe  
  52  5:00  Probe  
  52  5:02  Probe  
  52  5:03  Pylon  
  53  5:10  Nexus  
  53  5:12  Probe  
  54  5:16  Phoenix  
  54  5:19  Probe  
  57  5:24  Probe  
  57  5:26  Gateway  
  59  5:29  Observer (Chrono Boost)  
  59  5:30  Probe  
  59  5:35  Forge  
  60  5:36  Probe  
  60  5:39  Twilight Council  
  60  5:41  Probe  
  62  5:48  Probe  
  63  5:51  Probe  
  64  5:57  Assimilator  
  64  5:59  Assimilator  
  64  6:00  Probe  
  64  6:02  Probe  
  66  6:10  Resonating Glaives  
  66  6:12  Probe  
  66  6:13  Probe  
  68  6:21  Pylon  
  68  6:22  Protoss Ground Weapons Level 1 (Chrono Boost)  
  68  6:24  Probe x2  
  69  6:25  Probe  
  71  6:34  Probe  
  71  6:37  Probe, Assimilator  
  71  6:38  Probe, Warp Prism  
  76  6:40  Assimilator  
  76  6:45  Probe  
  76  6:46  Gateway, Robotics Bay  
  76  6:47  Gateway  
  77  6:50  Gateway  
  77  6:51  Pylon  
  77  6:52  Adept  
  77  6:53  Adept  
  81  6:55  Probe x2  
  81  6:56  Probe  
  84  7:06  Probe  
  84  7:07  Pylon, Probe  
  84  7:08  Probe, Sentry  
  89  7:18  Pylon  
  88  7:23  Pylon  
  88  7:26  Adept  
  88  7:27  Adept  
  88  7:28  Colossus  
  92  7:36  Gateway x2  
  92  7:37  Extended Thermal Lance (Chrono Boost)  
  98  7:39  Pylon  
  98  7:40  Probe  
  98  7:43  Blink  
  99  7:44  Adept  
  99  7:49  Pylon  
  99  7:51  Pylon  
  101  7:54  Adept x4  
  109  8:04  Protoss Ground Armor Level 1 (Chrono Boost)  
  109  8:16  Adept x4  
  109  8:17  Colossus  
  117  8:20  Adept x2  
  120  8:30  Probe x2  
  112  8:37  Adept x4  
  112  8:38  Probe  
  112  8:41  Adept  
  119  8:42  Probe x2  
  115  8:50  Probe  
  115  8:54  Mothership Core  
  115  8:55  Probe  
  119  9:04  Nexus  
  119  9:06  Sentry x2  
  123  9:10  Colossus  
  123  9:12  Photon Cannon  
  123  9:19  Probe  
  128  9:33  Adept x5  
  128  9:37  Stalker  
  136  9:39  Probe  
  136  9:40  Probe  
  138  9:47  Protoss Ground Armor Level 2 (Chrono Boost)  
  134  9:55  Dark Shrine  
  134  9:56  Probe x3  
  137  10:02  Stalker  
  137  10:03  Stalker x2  
  137  10:04  Warp Prism  
  145  10:18  Stalker x3  
  145  10:20  Probe x2  
  151  10:23  Probe  
  152  10:29  Forge  
  152  10:30  Pylon  
  152  10:34  Stalker x3  
  158  10:39  Stalker  
  158  10:40  Stalker  
  162  10:43  Probe x2  
  162  10:46  Pylon  
  162  10:49  Colossus, Assimilator  
  164  10:51  Sentry  
  164  10:53  Assimilator  
  164  10:54  Pylon  
  167  11:04  Adept x3  
  163  11:22  Photon Cannon  
  163  11:23  Stalker x2  
  163  11:24  Stalker  
  169  11:30  Photon Cannon  
  169  11:34  Adept x4  
  176  11:50  Protoss Ground Armor Level 3 (Chrono Boost)  
  176  11:55  Stalker  
  176  11:56  Stalker  
  178  12:01  Probe  
  178  12:02  Probe x2  
  178  12:03  Probe  
  178  12:07  Protoss Ground Weapons Level 2 (Chrono Boost)  
  182  12:10  Dark Templar x2  
  182  12:12  Probe  
  182  12:14  Probe  
  188  12:17  Probe x2  
  188  12:29  Stalker, Dark Templar x2  
  164  12:37  Stalker x3  
  164  12:44  Stalker x2  
  146  12:45  Probe  
  146  12:46  Probe x2  
  146  12:47  Probe  
  150  12:58  Probe, Stalker  
  152  13:01  Assimilator  
  152  13:02  Stalker x3  
  152  13:03  Sentry x2  
  163  13:06  Observer  
  163  13:07  Stalker  
  163  13:09  Stalker  
  141  13:26  Stalker x3  
  141  13:27  Stalker, Adept x2  
  111  13:28  Colossus  
  109  13:37  Dark Templar x2  
  113  13:47  Robotics Facility  
  113  13:52  Photon Cannon  
  112  13:56  Adept x2  
  112  14:00  Dark Templar  
  118  14:13  Phoenix (Chrono Boost)  
  118  14:20  Colossus  
  118  14:21  Sentry x3  
  118  14:22  Adept x3  
  134  14:33  Dark Templar  
  136  14:43  Colossus  
  136  14:58  Sentry x2, Stalker x2  
  140  15:11  Stalker  
  140  15:12  Stalker x2  
  139  15:32  Stalker x4  
  147  15:39  Colossus  
  153  15:43  Dark Templar  
  149  15:54  Dark Templar  
  143  16:00  Stalker x3  
  137  16:27  Dark Templar  
  97  16:34  Dark Templar  
Show
View Real Time Build Order
Export as new Build Order

Kelazhur Terran - Winner!

Build Orders: Reaper Expand, MMM Bio 

Get SALT Encoding   

  12  0:00  SCV  
  13  0:12  SCV  
  14  0:17  Supply Depot  
  14  0:25  SCV  
  15  0:28  Refinery  
  15  0:39  SCV  
  16  0:44  Barracks  
  16  0:51  SCV  
  17  1:03  SCV  
  18  1:15  SCV  
  18  1:33  Orbital Command  
  18  1:34  Reaper  
  19  1:49  Command Center  
  19  2:00  SCV  
  20  2:05  Factory  
  20  2:07  Barracks Reactor  
  20  2:12  SCV  
  21  2:16  Refinery  
  21  2:24  SCV  
  21  2:26  Supply Depot  
  22  2:36  SCV  
  23  2:47  Marine x2  
  23  2:48  SCV  
  23  2:50  Starport  
  23  2:51  Widow Mine  
  28  3:01  Orbital Command  
  28  3:06  Marine  
  28  3:09  Marine  
  30  3:15  Supply Depot  
  30  3:20  Supply Depot  
  30  3:23  Widow Mine  
  30  3:26  Medivac  
  32  3:29  SCV x2  
  34  3:35  Marine  
  34  3:41  SCV x2  
  34  3:45  Supply Depot  
  36  3:53  Marine, SCV  
  38  4:06  SCV x2, Widow Mine  
  38  4:07  Engineering Bay  
  45  4:15  Supply Depot  
  45  4:16  Marine  
  46  4:21  SCV x2  
  43  4:33  SCV x2  
  43  4:37  Widow Mine  
  48  4:41  Supply Depot  
  48  4:45  SCV, Command Center  
  47  4:47  SCV  
  47  4:50  Barracks Tech Lab  
  47  4:57  SCV, Supply Depot  
  47  4:59  SCV, Barracks  
  47  5:05  Barracks  
  45  5:09  SCV  
  45  5:10  Terran Infantry Weapons Level 1  
  45  5:11  SCV  
  45  5:12  Marine  
  45  5:13  Stimpack  
  48  5:21  SCV  
  48  5:23  SCV  
  48  5:25  Missile Turret  
  48  5:32  Missile Turret  
  48  5:33  SCV  
  48  5:34  Marine  
  51  5:35  SCV  
  51  5:40  Supply Depot  
  51  5:45  SCV  
  51  5:47  SCV, Barracks  
  52  5:50  Barracks Tech Lab, Barracks  
  52  5:53  Barracks Reactor  
  52  5:58  SCV  
  52  6:00  SCV, Refinery  
  52  6:02  Refinery  
  52  6:04  Orbital Command  
  54  6:08  Marine  
  54  6:09  Combat Shields  
  54  6:10  Marine  
  54  6:11  SCV  
  54  6:14  SCV  
  54  6:19  Starport Reactor  
  54  6:23  SCV  
  54  6:24  Engineering Bay, Armory  
  55  6:27  SCV  
  55  6:31  Marauder, Marine x3  
  61  6:34  SCV  
  61  6:35  SCV  
  61  6:38  Barracks Tech Lab  
  61  6:39  SCV  
  64  6:44  Factory Reactor  
  65  6:47  SCV, Supply Depot  
  65  6:48  Barracks Reactor  
  65  6:49  Marine x3  
  65  6:52  Marine  
  65  6:53  Orbital Command  
  69  6:54  SCV  
  69  6:57  Marine  
  69  6:59  SCV  
  71  7:01  Medivac x2  
  71  7:05  Missile Turret  
  71  7:06  SCV, Marine  
  77  7:11  SCV  
  77  7:12  Terran Infantry Weapons Level 2  
  77  7:13  Terran Infantry Armor Level 1  
  77  7:14  Marauder x2  
  82  7:16  Marauder  
  82  7:19  SCV  
  82  7:21  SCV  
  86  7:26  Marine x2, Refinery  
  86  7:27  Marine, Concussive Shells  
  86  7:28  Marine  
  86  7:29  SCV  
  91  7:31  SCV  
  91  7:33  Medivac x2, Supply Depot  
  91  7:35  Widow Mine x2  
  99  7:39  SCV  
  100  7:44  SCV, Supply Depot  
  101  7:52  Missile Turret  
  101  7:55  Marauder x2, SCV x2  
  101  7:57  SCV  
  101  7:58  Supply Depot  
  108  8:00  Marine  
  108  8:04  Marine  
  108  8:05  Marine  
  109  8:06  Marauder  
  109  8:10  SCV  
  109  8:11  Marine  
  109  8:16  Marauder, Marine  
  112  8:26  Marine x3  
  112  8:27  Marauder, SCV, Medivac x2  
  112  8:34  SCV  
  112  8:35  Marauder, SCV  
  114  8:44  Marauder, Marine x2  
  114  8:45  SCV  
  114  8:46  SCV  
  114  8:48  SCV  
  109  8:49  Marauder  
  109  8:52  Marine x2  
  113  8:57  Marauder, SCV  
  113  9:01  Marine  
  113  9:02  Marine  
  118  9:05  Marauder, Widow Mine x2  
  118  9:08  Starport  
  118  9:09  Fusion Core  
  124  9:13  Supply Depot  
  124  9:15  Supply Depot  
  124  9:18  Supply Depot x2  
  124  9:22  Medivac  
  125  9:25  Medivac  
  125  9:34  Marine x2  
  125  9:35  Marauder x3  
  125  9:36  Marine, Widow Mine x2  
  138  9:39  Marine  
  138  9:42  Terran Infantry Weapons Level 3  
  137  9:52  Marine  
  136  9:53  Starport Tech Lab  
  136  9:54  SCV x3  
  136  9:55  Liberator x2  
  136  9:56  Marauder  
  136  9:58  Marauder, Marine x3  
  146  10:02  Terran Infantry Armor Level 2  
  146  10:04  Widow Mine  
  154  10:16  Command Center  
  154  10:20  Advanced Ballistics  
  154  10:24  Marauder, Marine  
  157  10:29  Liberator  
  157  10:34  Supply Depot  
  157  10:36  Marine x3, Supply Depot  
  157  10:37  Marauder  
  162  10:46  Supply Depot  
  165  10:54  Liberator  
  165  10:55  Marine x2  
  165  10:56  Marauder  
  167  10:59  Liberator  
  167  11:02  Marauder, Marine x2  
  170  11:09  Marine  
  171  11:13  Marauder  
  171  11:15  Marine  
  171  11:17  Liberator  
  171  11:18  Marauder  
  182  11:20  Marine  
  182  11:21  Supply Depot  
  182  11:25  Marauder  
  181  11:35  Marauder  
  181  11:37  Liberator, Planetary Fortress  
  186  11:43  Liberator  
  186  11:46  Marauder  
  188  11:49  Marauder, Marine x3  
  188  11:50  Missile Turret  
  188  11:54  Marine  
  194  11:57  Marauder  
  192  12:07  Marine x2  
  192  12:08  Marauder  
  196  12:15  Liberator  
  196  12:18  Refinery  
  196  12:19  Liberator  
  196  12:26  Liberator  
  156  12:45  Marauder x2, Marine x2  
  151  12:54  Marine  
  151  12:55  Marine x2  
  151  12:57  Liberator, Refinery x2  
  152  13:02  Liberator  
  152  13:03  Marine x2  
  154  13:06  Marauder x2, Barracks  
  154  13:07  Barracks x2  
  154  13:09  Liberator  
  154  13:11  Missile Turret  
  158  13:19  Marauder  
  121  13:34  Marauder x2, Marine x2  
  120  13:35  Marine x2  
  120  13:40  Liberator, Marine  
  122  13:45  Liberator  
  122  13:51  Marine, Terran Infantry Armor Level 3  
  122  13:52  Marine  
  122  13:55  SCV x2  
  125  13:56  SCV x2, Command Center  
  125  14:02  Marauder, Liberator  
  136  14:06  Marauder, Marine x2  
  138  14:13  Marauder  
  140  14:18  Marine x2  
  140  14:23  Marauder, Marine  
  148  14:24  Marine  
  148  14:27  Marine  
  148  14:28  Marauder  
  148  14:34  Marauder  
  148  14:40  Medivac  
  148  14:44  Marine  
  148  14:45  Marauder, Medivac  
  152  14:49  Marauder  
  153  14:59  Marine  
  155  15:00  Marauder, Marine x3  
  155  15:02  Medivac  
  155  15:06  Marauder  
  163  15:19  Marauder, Liberator  
  165  15:27  Marauder  
  165  15:28  Marauder  
  169  15:34  Marine x3  
  172  15:40  Marauder  
  174  15:48  Liberator x2  
  170  15:52  Marauder, Marine  
  171  15:59  Marauder  
  171  16:04  Marauder  
  180  16:13  Marauder  
  180  16:15  Marine  
  180  16:16  Barracks Reactor, Marine x2, Barracks Tech Lab x2  
  185  16:21  Marauder  
  185  16:25  Marauder  
Tags
 
Add a new tag
Caveats
  • Supply blocks, unpowered buildings, or Contaminate may cause inaccurate times.
  • Supply counts are checked every 10 seconds.